 Dungeon Crawl Stone Soup version 0.17-a0-186-g8d083fd (webtiles) character file.

84 squibie the Skirmisher (level 4, -3/37 HPs)
             Began as a Demigod Wanderer on Mar 27, 2015.
             Killed from afar by an orc wizard (5 damage)
             ... with a magic dart
             ... on level 3 of the Dungeon.
             The game lasted 00:03:49 (1557 turns).

squibie the Skirmisher (Demigod Wanderer)           Turns: 1557, Time: 00:03:49

Health: -3/37      AC:  4    Str: 14    XL:     4   Next: 4%
Magic:  7/7        EV: 12    Int: 16    God:
Gold:   74         SH:  0    Dex: 18    Spells: 0 memorised, 3 levels left

rFire  + . .     SeeInvis .     b - +0 falchion
rCold  . . .     Clarity  .     w - +1 leather armour {rF+}
rNeg   . . .     SustAb   +     (no shield)
rPois  .         Gourm    .     (no helmet)
rElec  .         Spirit   .     (no cloak)
rCorr  .         Warding  .     (no gloves)
rMut   .         Stasis   .     (no boots)
MR     .....                    (no amulet)
Stlth  ++........               (no ring)
                                (no ring)

@: flying, not resistant to hostile enchantments, unstealthy
A: sustain abilities
a: no special abilities


You were on level 3 of the Dungeon.
You were not hungry.

You visited 1 branch of the dungeon, and saw 3 of its levels.

You collected 74 gold pieces.

Inventory:

Hand weapons
 b - a +0 falchion (weapon)
 c - a +0 short sword
 f - a +0 dagger of draining
Armour
 a - a +2 scale mail
 w - a +1 leather armour of fire resistance (worn)
Scrolls
 e - a scroll of amnesia {unknown}
 g - 5 scrolls of identify {unknown}
 i - a scroll of enchant weapon {unknown}
 k - a scroll of magic mapping {unknown}
 m - a scroll of remove curse {unknown}
 q - a scroll of enchant armour {unknown}
Potions
 j - a potion of lignification {unknown}
 l - a potion of curing {unknown}
 n - a potion of flight
 o - a potion of cancellation {unknown}
 r - a potion of magic {unknown}
 t - a potion of ambrosia {unknown}
 u - a potion of might {unknown}
 v - 2 potions of heal wounds {unknown}
 x - a potion of cure mutation {unknown}
Comestibles
 d - a bread ration
 h - 3 meat rations
 p - a slice of pizza
 s - a beef jerky


   Skills:
 + Level 2.8 Fighting
 - Level 1.7(2.2) Short Blades
 + Level 1.8(2.2) Long Blades
 - Level 1.0 Throwing
 - Level 2.6 Armour
 + Level 1.8 Dodging
 - Level 1.0 Stealth
   Level 1.0 Evocations


You had 3 spell levels left.
You didn't know any spells.

Dungeon Overview and Level Annotations

Branches:
Dungeon (3/15)


Innate Abilities, Weirdness & Mutations

Your attributes are resistant to harm.


Message History

The magic dart hits you!
* * * LOW HITPOINT WARNING * * *
The orc wizard barely misses you.
You miss the orc wizard. The orc wizard misses you.
The orc wizard hits you but does no damage.
You closely miss the orc wizard.
The orc wizard casts a spell.
You feel troubled.
The orc wizard hits you but does no damage.
Drink which item? (? for menu, Esc to quit)
Okay, then.
You closely miss the orc wizard.
The orc wizard hits you but does no damage.
Drink which item? (? for menu, Esc to quit)
It was a potion of flight.
You feel very buoyant.
You fly up into the air.
The orc wizard gestures at you while chanting.
The magic dart hits you!
You die...

### #############
#<# #oo@........#
#.# #o#########.#
#.# #. #.# #.# #o
#.# #.# )o #.#
#.# ..
########.#####.#
...
#............#.##
...
#............#...
.
#.......#....####


You could see an orc wizard and 2 orcs.

Vanquished Creatures
  3 adders
  A giant mite (D:2)
  2 giant geckos
  3 orcs (D:3)
  6 hobgoblins (D:1)
  A ball python (D:1)
  7 bats
  4 giant cockroaches
  3 giant newts
  4 goblins
  6 jackals
  3 kobolds (D:1)
  8 rats
51 creatures vanquished.

Notes
Turn   | Place    | Note
--------------------------------------------------------------
     0 | D:1      | squibie, the Demigod Wanderer, began the quest for the Orb.
     0 | D:1      | squibie set off with: a +2 scale mail, a +0 falchion, a +0 short sword, a bread ration
     0 | D:1      | Reached XP level 1. HP: 17/17 MP: 2/2
   232 | D:1      | Reached skill level 1 in Long Blades
   247 | D:1      | Reached XP level 2. HP: 14/24 MP: 3/3
   283 | D:1      | Reached skill level 1 in Dodging
   772 | D:2      | Reached XP level 3. HP: 22/29 MP: 5/5
  1549 | D:3      | Reached XP level 4. HP: 11/37 MP: 7/7
  1557 | D:3      | Killed from afar by an orc wizard

Action                   |  1- 3 |  4- 6 || total
-------------------------+-------+-------++-------
Melee: Falchion          |   190 |     7 ||   197
  Use: Potion            |       |     1 ||     1
 Stab: Sleeping          |     1 |       ||     1
  Eat: Chunk             |     2 |       ||     2
